 Dungeon Sprint DCSS version 0.31-a0-435-g2c6fae2916 (webtiles) character file.

Game seed: 16155931667402076525

2029 rocky1 the Martial Artist (level 9, -3/63 HPs)
             Began as an Octopode Shapeshifter on Aug 2, 2023.
             Was an Initiate of Gozag.
             Slain by a death yak (13 damage)
             ... in the Dungeon (Sprint VII: "The Pits").
             The game lasted 00:04:18 (1979 turns).

rocky1 the Martial Artist (Octopode Shapeshifter)   Turns: 1979, Time: 00:04:19

Health: -3/63      AC:  4    Str: 18    XL:     9   Next: 23%
Magic:  9/9        EV: 16    Int: 10    God:    Gozag
Gold:   2214       SH:  0    Dex: 16    Spells: 8/8 levels left

rFire   . .          .
                       - Unarmed
rCold   . . .        (no shield)
rNeg    . . .        (helmet currently unavailable)
rPois   .            (no amulet)
rElec   .            m - +3 ring of strength
rCorr   .            n - +3 ring of protection
SInv    .            (no ring)
Will    .....        (no ring)
Stlth   ++++++       (no ring)
HPRegen 0.30/turn    (no ring)
MPRegen 0.11/turn    (no ring)
                     (no ring)

%: no teleportation
@: beast-form
A: beast (slay +5), almost no armour, amphibious, 8 rings, camouflage 1,
gelatinous body 1, (nimble swimmer 1), tentacles
a: Begin Untransformation, Renounce Religion, Potion Petition, Call Merchant,
Bribe Branch


You were in the Dungeon.
You worshipped Gozag.
Gozag was most pleased with you.
You were a hulking beast.
You visited 1 branch You collected 2214 gold pieces.

Inventory:

Hand Weapons
 q - the +7 captain's cutlass {speed, disarm}
   (You found it in the Dungeon)
 r - the +9 sword of Zonguldrok {reap}
   (You found it in the Dungeon)
Jewellery
 m - a +3 ring of strength (left tentacle)
 n - a +3 ring of protection (right tentacle)
Talismans
 b - a beast talisman (active)
Wands
 l - a wand of flame (13)
Scrolls
 h - a scroll of blinking
 j - 5 scrolls of amnesia
 k - a scroll of summoning
Potions
 a - a potion of lignification
 c - 7 potions of curing
 d - 13 potions of heal wounds
 e - a potion of haste
 f - 4 potions of magic
 g - a potion of berserk rage
 i - 2 potions of invisibility
 o - 3 potions of might
 p - a potion of mutation


   Skills:
 * Level 6.6 Fighting
 * Level 6.9 Dodging
 + Level 10.8 Stealth
 * Level 14.0 Unarmed Combat
 + Level 8.4 Shapeshifting


You had 8 spell levels left.
You didn't know any spells.
Your spell library was empty.

Dungeon Overview and Level Annotations

Branches:
Dungeon (1/1)

Altars:
Ashenzari
Cheibriados
Dithmenos
Elyvilon
Fedhas
Gozag
Hepliaklqana
Kikubaaqudgha
Makhleb
Nemelex Xobeh
Okawaru
Qazlal
Ru
Sif Muna
Trog
Uskayaw
Vehumet
Wu Jian
Xom
Yredelemnul
Zin
The Shining One
Jiyva
Lugonu


Innate Abilities, Weirdness & Mutations

You are a hulking beast.
Your limbs bulge with bestial killing power. (Slay +5)
You cannot wear most types of armour.
You are amphibious.
You can wear up to eight rings at the same time.
Your skin changes colour to match your surroundings (Stealth+).
Your rubbery body absorbs attacks. (AC +1, EV +1)
((You are camouflaged when in or above water. (Stealth+)))
You have tentacles for arms and can constrict up to eight enemies at once.


Message History

Your experience leads to an increase in your attributes!
Your base attributes are Str 15, Int 10, Dex 14.
Increase (S)trength, (I)ntelligence, or (D)exterity?
You feel agile. x2
Unknown command.
You now have 2214 gold pieces (gained 171).
You start resting.
You start resting.
You start resting.
HP restored.
You start waiting.
Done waiting.
You open the door.
A death yak and an efreet come into view.
The efreet is wielding a +0 scimitar of flaming.
The death yak bellows!
You completely miss the death yak.
Your tentacle-slap misses the death yak.
You squeeze the death yak!
The death yak is lightly wounded.
You bludgeon the death yak! Your squeeze misses the death yak.
The death yak is moderately wounded.
The death yak gores you.
You tentacle-slap the death yak.
The death yak is moderately wounded.
The death yak misses you.
You bludgeon the death yak!
The death yak is heavily wounded.
The death yak gores you!!
The efreet hits you with a +0 scimitar of flaming!
The efreet burns you.
You tentacle-slap the death yak.
The death yak is heavily wounded.
The efreet hits you with a +0 scimitar of flaming!
* * * LOW HITPOINT WARNING * * *
The efreet burns you!
* * * LOW HITPOINT WARNING * * *
The death yak gores you!
You die...
Your body crumbles into a pile of gold.

.....'................+
'#####......#..#......#
....##................#
###'#####'#####''######
....##.......##''#####
..).##.......##......#
#'####.......##....###
.)[.##...<...##...## +
....##.......##.h## .#
....##.......##RY# Y#
######.......##.°#..#
)#).###########..'..+
.#)############..#☼.#
.#)#....#..[[##..#.R#
.#'#....#..[[##..# .☼#
.#.))...'..).##...##.+
.#'#....#..).##....###


You could see a death yak and an efreet.

Vanquished Creatures
  A death yak (D)
  2 freezing wraiths (D)
  A tarantella (D)
  A wyvern (D)
  A steam dragon (D)
  Duvessa (D)
  An ogre (D)
  A wolf (D)
  A jelly (D)
  A gnoll bouda (D)
  2 iguanas (D)
  An orc wizard (D)
  6 gnolls (D)
  An adder (D)
  A white imp (D)
  An ufetubus (D)
  A worm (D)
  4 orcs (D)
  A ball python zombie (D)
  A bat (D)
  A frilled lizard (D)
  A jackal zombie (D)
  A rat (D)
33 creatures vanquished.

Notes
Turn   | Place    | Note
-------+----------+-------------------------------------------
     0 | D        | rocky1 the Octopode Shapeshifter began the quest for the
                  | Orb.
     0 | D        | Reached XP level 1. HP: 13/13 MP: 1/1
    19 | D        | Found a bloodstained altar of Trog.
    19 | D        | Found a shimmering blue altar of Sif Muna.
    19 | D        | Found a viscous altar of Jiyva.
    19 | D        | Found a hazy altar of Hepliaklqana.
    19 | D        | Found an opulent altar of Gozag.
    20 | D        | Found a glowing golden altar of the Shining One.
    20 | D        | Found a glowing silver altar of Zin.
    20 | D        | Found a basalt altar of Yredelemnul.
    20 | D        | Found a shimmering altar of Xom.
    20 | D        | Found an ornate altar of the Wu Jian Council.
    20 | D        | Found a sacrificial altar of Ru.
    20 | D        | Found a stormy altar of Qazlal.
    20 | D        | Found an iron altar of Okawaru.
    20 | D        | Found a sparkling altar of Nemelex Xobeh.
    20 | D        | Found a burning altar of Makhleb.
    20 | D        | Found a blossoming altar of Fedhas.
    20 | D        | Found a white marble altar of Elyvilon.
    20 | D        | Found a shadowy altar of Dithmenos.
    20 | D        | Found a snail-covered altar of Cheibriados.
    24 | D        | Found a corrupted altar of Lugonu.
    24 | D        | Found a radiant altar of Vehumet.
    25 | D        | Found a broken altar of Ashenzari.
    25 | D        | Found an ancient bone altar of Kikubaaqudgha.
    25 | D        | Found a hide-covered altar of Uskayaw.
    29 | D        | Became a worshipper of Gozag Ym Sagoz the Greedy
    72 | D        | Reached XP level 2. HP: 7/18 MP: 2/2
   138 | D        | Noticed a wolf
   146 | D        | Reached skill level 4 in Unarmed Combat
   150 | D        | Reached skill level 1 in Stealth
   394 | D        | Killed a wolf
   395 | D        | Reached skill level 6 in Unarmed Combat
   395 | D        | Reached skill level 5 in Shapeshifting
   395 | D        | Reached XP level 3. HP: 2/23 MP: 3/3
   395 | D        | Reached XP level 4. HP: 3/28 MP: 4/4
   710 | D        | Noticed an ogre
   721 | D        | Killed an ogre
   722 | D        | Reached skill level 8 in Unarmed Combat
   722 | D        | Reached XP level 5. HP: 27/33 MP: 5/5
   891 | D        | Reached XP level 6. HP: 39/39 MP: 6/6
   896 | D        | Reached skill level 9 in Unarmed Combat
   930 | D        | Noticed a steam dragon
   940 | D        | Killed a steam dragon
   941 | D        | Reached skill level 10 in Unarmed Combat
  1256 | D        | Noticed Duvessa
  1262 | D        | Killed Duvessa
  1263 | D        | Reached XP level 7. HP: 38/47 MP: 7/7
  1306 | D        | Noticed a tarantella
  1306 | D        | Noticed a freezing wraith
  1317 | D        | Killed a tarantella
  1318 | D        | Reached skill level 5 in Dodging
  1318 | D        | Reached skill level 11 in Unarmed Combat
  1325 | D        | Killed a freezing wraith
  1326 | D        | Reached skill level 5 in Fighting
  1326 | D        | Reached skill level 12 in Unarmed Combat
  1326 | D        | Reached XP level 8. HP: 55/55 MP: 8/8
  1401 | D        | Found the +7 captain's cutlass {speed, disarm}
  1401 | D        | Found the +9 sword of Zonguldrok {reap}
  1501 | D        | Noticed a freezing wraith
  1518 | D        | Killed a freezing wraith
  1665 | D        | Noticed a death yak
  1669 | D        | Noticed a wyvern
  1677 | D        | Killed a wyvern
  1678 | D        | Reached skill level 10 in Stealth
  1678 | D        | Reached skill level 13 in Unarmed Combat
  1698 | D        | Killed a death yak
  1699 | D        | Reached skill level 14 in Unarmed Combat
  1699 | D        | Reached XP level 9. HP: 12/63 MP: 9/9
  1970 | D        | Noticed a death yak
  1970 | D        | Noticed an efreet
  1979 | D        | Slain by a death yak

Illustrated notes

Levels and vault maps discovered:
D:        pitsprint [storerooms_1, entrance_room_1, metal_vault_6, armoury_3,
          mini_pit_1, grid_room_1, main_hall_1, silver_pit, the_coven_1,
          the_vestibule_1, steel_vault_4, golden_pit, hallway_of_sentries,
          crystal_vault_4, iron_vault_4, final_vault]

Skill      XL: |  1  2  3  4  5  6  7  8 |
---------------+-------------------------+-----
Unarmed Combat | 6 8 10 12 14 | 14.0
Stealth        | 2 3 4 7 9 10 | 10.8
Shapeshifting  | 5 6 7 8 |  8.4
Dodging        | 3 4 5 6 |  6.9
Fighting       | 2 3 5 6 |  6.6

Action                     |  1- 3 |  4- 6 |  7- 9 || total
---------------------------+-------+-------+-------++-------
  Melee: Unarmed           |    18 |    28 |    39 ||    85
         Constrict         |     5 |     3 |     6 ||    14
         Tentacles         |     3 |     8 |    15 ||    26
         Punch             |     1 |     3 |     2 ||     6
    Use: Potion            |       |     1 |     2 ||     3
   Stab: Sleeping          |     2 |     5 |       ||     7
 Armour: Skin              |     1 |     2 |     1 ||     4
  Dodge: Dodged            |    12 |     8 |    10 ||    30

Table legend: (Time is in decaauts)
 A = Elapsed time spent in this place.
 B = Non-inter-level travel time spent in this place.
 C = Inter-level travel time spent in this place.
 D = Time resting spent in this place.
 E = Time spent auto-exploring this place.
 F = Levels seen in this place.
 G = Mean time per level.
                   A        B        C        D        E       F      G
               +--------+--------+--------+--------+--------+-----+--------+
         Total |   1981 |   1923 |     58 |   1498 |      0 |   1 | 1981.0 |
       Dungeon |   1981 |   1923 |     58 |   1498 |      0 |   1 | 1981.0 |
               +--------+--------+--------+--------+--------+-----+--------+

Top non-repeatable levels by time:
       D: 1981 daAuts
